 Dungeon Crawl Stone Soup version 0.18.1-2-ga659475 (webtiles) character file.

764776 Rekenzichi the Phalangite (level 27, -18/216 (225) HPs)
             Began as a Grey Draconian Gladiator on May 8, 2016.
             Was the Champion of Yredelemnul.
             Killed from afar by an orb of fire (32 damage)
             ... with a fireball
             ... on level 1 of the Realm of Zot on May 9, 2016.
             The game lasted 08:17:19 (100669 turns).

Rekenzichi the Phalangite (DrGl)                  Turns: 100669, Time: 08:17:20

HP:   -18/216 (225) AC: 29    Str: 24 (25) XL:     27
MP:   34/37         EV: 34    Int:  6 (9)  God:    Yredelemnul [******]
Gold: 8433          SH:  0    Dex: 27 (29) Spells: 8 memorised, 25 levels left

rFire  + . .     SeeInvis .     N - +13 Scythe of Curses {drain, *Curse} (curse)
rCold  + + .     Gourm    +     (armour unavailable)
rNeg   + + +     Faith    .     (shield currently unavailable)
rPois  +         Spirit   .     y - +2 hat {MR+} (curse)
rElec  +         Dismiss  .     B - +2 cloak {rPois} (curse)
rCorr  +         Reflect  .     z - +2 pair of gloves {Str+3} (curse)
SustAt .         Harm     .     u - +2 pair of boots of the Assassin {DetectMon Stab+ Stlth++} (curse)
MR     +++++     Rnd*Rage +     p - amulet "Gokoghoo" {Gourm rPois MR+} (curse)
Stlth  +++++.....               Q - ring "Jinid" {*Drain rPois rN+++ Str+4 Stlth+} (curse)
                                a - ring "Kigaoxuxt" {rElec rC+ MR+ Dex+5 Slay+3} (curse)

@: resistant, very slightly contaminated, hasted, studying Long Blades, very
quick, almost entirely resistant to hostile enchantments, quite stealthy
A: walk through water, unfitting armour, berserk 1, deterioration 1, frail 1,
electricity resistance, slow regeneration 1, unbreathing, cold-blooded,
MP-powered wands, AC +18
a: Recall Undead Slaves, Injury Mirror, Animate Dead, Drain Life, Enslave Soul,
Renounce Religion
}: 6/15 runes: decaying, slimy, silver, golden, abyssal, gossamer


You were on level 1 of the Realm of Zot.
You worshipped Yredelemnul.
Yredelemnul was exalted by your worship.
You were not hungry.

You visited 13 branches of the dungeon, and saw 60 of its levels.
You visited the Abyss 5 times.
You visited 3 bazaars.
You also visited: Ice Cave.

You collected 11717 gold pieces.
You spent 3284 gold pieces at shops.

Inventory:

Hand Weapons
 E - a cursed +7 vampiric demon trident
 I - the cursed +9 Sword of Zonguldrok {reap, *Curse}
   (You found it on level 3 of the Elven Halls)

   If a monster killed with it leaves a corpse in good enough shape, the corpse
   will be animated as a zombie friendly to the killer.
   It may re-curse itself when equipped.
   It has a curse placed upon it.
 N - the cursed +13 Scythe of Curses (weapon) {drain, *Curse}
   (You found it on level 3 of the Tomb of the Ancients)

   A truly terrible weapon, it drains the life of those it strikes.
   It may re-curse itself when equipped.
   It has a curse placed upon it.
 R - a cursed +9 demon trident of protection
Missiles
 c - 2 throwing nets (quivered)
Armour
 k - a cursed +2 large shield
 u - the cursed +2 pair of boots of the Assassin (worn) {DetectMon Stab+ Stlth++}
   (You acquired it in a bazaar)

   It makes you much more stealthy.
   It has a curse placed upon it.
 y - a cursed +2 hat of magic resistance (worn)
 z - a cursed +2 pair of gloves of strength (worn)
 B - a cursed +2 cloak of poison resistance (worn)
 V - a cursed +1 large shield of positive energy
Jewellery
 a - the cursed ring "Kigaoxuxt" (left hand) {rElec rC+ MR+ Dex+5 Slay+3}
   (You bought it in a shop on level 2 of the Orcish Mines)

   [ring of dexterity]

   It affects your dexterity (+5).
   It affects your accuracy and damage with ranged weapons and melee attacks
   (+3).
   It protects you from cold.
   It insulates you from electricity.
   It affects your resistance to hostile enchantments.
   It has a curse placed upon it.
 p - the cursed amulet "Gokoghoo" (around neck) {Gourm rPois MR+}
   (You found it on level 1 of the Elven Halls)

   [amulet of the gourmand]

   It allows you to eat raw meat even when not hungry.
   It protects you from poison.
   It affects your resistance to hostile enchantments.
   It has a curse placed upon it.
 Q - the cursed ring "Jinid" (right hand) {*Drain rPois rN+++ Str+4 Stlth+}
   (You found it on level 3 of the Swamp)

   [ring of stealth]

   It affects your strength (+4).
   It protects you from poison.
   It renders you almost immune to negative energy.
   It causes draining when unequipped.
   It makes you more stealthy.
   It has a curse placed upon it.
Wands
 b - a wand of hasting (2/9)
 U - a wand of teleportation (4/9)
 X - a wand of digging (3/24)
 Y - a wand of disintegration (10/24)
Scrolls
 e - 3 scrolls of fog
 f - 18 scrolls of recharging
 i - 21 scrolls of remove curse
 j - 13 scrolls of identify
 l - 12 scrolls of magic mapping
 m - 7 scrolls of amnesia
 q - 8 scrolls of blinking
 s - 13 scrolls of enchant armour
 t - 4 scrolls of teleportation
 D - a scroll of silence
 M - 7 scrolls of fear
Potions
 o - 8 potions of flight
 r - 4 potions of might
 v - 6 potions of ambrosia
 w - 7 potions of brilliance
 A - 5 potions of lignification
 C - 7 potions of agility
 F - a potion of cure mutation
 K - 3 potions of resistance
 L - 4 potions of magic
 P - 3 potions of cancellation
 S - a potion of heal wounds
 W - 30 potions of curing
Books
 h - a manual of Long Blades
 x - a book of Annihilations

   Spells                             Type                      Level
   a - Poison Arrow                   Conjuration/Poison           6
   b - Chain Lightning                Conjuration/Air              8
   c - Lehudib's Crystal Spear        Conjuration/Earth            8
   d - Glaciate                       Conjuration/Ice              9
   e - Fire Storm                     Conjuration/Fire             9
 H - a book of Summonings

   Spells                             Type                      Level
   a - Recall                         Summoning/Translocation      3
   b - Aura of Abjuration             Summoning                    5
   c - Summon Demon                   Summoning                    5
   d - Summon Forest                  Summoning/Translocation      5
   e - Summon Mana Viper              Hexes/Summoning              5
   f - Shadow Creatures               Summoning                    6
 T - a book of Minor Magic

   Spells                             Type                      Level
   a - Magic Dart                     Conjuration                  1
   b - Blink                          Translocation                2
   c - Call Imp                       Summoning                    2
   d - Repel Missiles                 Charms/Air                   2
   e - Slow                           Hexes                        2
   f - Conjure Flame                  Conjuration/Fire             3
   g - Mephitic Cloud                 Conjuration/Poison/Air       3
Comestibles
 g - 17 meat rations
 G - 24 royal jellies
 J - 16 beef jerkies
 O - 39 fruits


   Skills:
 + Level 21.6 Fighting
 * Level 25.1 Polearms
 - Level 1.7 Throwing
 + Level 19.2 Dodging
 - Level 20.8 Shields
 - Level 8.7 Spellcasting
 - Level 6.6 Conjurations
 - Level 15.7 Charms
 - Level 10.0 Translocations
 + Level 20.5 Invocations


You had 25 spell levels left.
You knew the following spells:

 Your Spells              Type           Power        Failure   Level  Hunger
a - Conjure Flame         Conj/Fire      #.......     17%         3    ###....
b - Regeneration          Chrm/Necr      ##........   2%          3    ###....
c - Song of Slaying       Chrm           ###.....     1%          2    ##.....
d - Shroud of Golubria    Chrm/Tloc      ###.......   1%          2    ##.....
e - Spectral Weapon       Hex/Chrm       ##......     2%          3    ###....
f - Repel Missiles        Chrm/Air       ##....       1%          2    ##.....
g - Apportation           Tloc           ##........   1%          1    None
h - Blink                 Tloc           N/A          1%          2    ##.....


Dungeon Overview and Level Annotations

Branches:
Dungeon (15/15)            Temple (1/1) D:7            Lair (8/8) D:8
  Swamp (4/4) Lair:3       Spider (4/4) Lair:4        Slime (6/6) Lair:8
    Orc (2/2) D:11            Elf (3/3) Orc:2        Vaults (5/5) D:14
  Crypt (3/3) Vaults:3       Tomb (3/3) Crypt:3      Depths (5/5) D:15
    Zot (1/5) Depths:5

Altars:
Ashenzari
Cheibriados
Dithmenos
Elyvilon
Gozag
Kikubaaqudgha
Makhleb
Nemelex Xobeh
Okawaru
Pakellas
Qazlal
Ru
Sif Muna
Trog
Vehumet
Xom
Yredelemnul
The Shining One
Beogh
Jiyva

Shops:
D:5 ([   D:11 [   D:12 *   Orc:2 %[*=(   Elf:1 (   Vaults:2 [   Vaults:4 (
Depths:4 [

Portals:
Hell: Depths:1 Depths:2 Depths:3 Depths:4 Depths:5
Abyss: Depths:3 Depths:4 Depths:5
Pandemonium: Depths:3 Depths:4
Ziggurat: Depths:4

Annotations:
D:7 2 exclusions
Elf:2 3 runed doors, exclusion: 3 doors


Innate Abilities, Weirdness & Mutations

You can walk through water.
Your dull iron-grey scales are very hard (AC +18).
Your body does not fit into most forms of armour.
You can survive without breathing.
You are cold-blooded and may be slowed by cold attacks.
You tend to lose your temper in combat.
Your body sometimes deteriorates upon taking damage.
You are frail (-10% HP).
You are resistant to electric shocks.
You regenerate slowly when monsters are visible.
You expend magic power (3 MP) to strengthen your wands.


Message History

* * * LOW HITPOINT WARNING * * *
The fireball engulfs the orb of fire.
The orb of fire completely resists.
You slice the orb of fire!!
The orb of fire is severely damaged.
The white draconian completely misses you.
You completely miss the orb of fire.
You tail-slap the orb of fire, but do no damage.
The orb of fire is severely damaged.
You slice the orb of fire!!
You tail-slap the orb of fire, but do no damage.
The orb of fire is almost destroyed.
The red draconian shifter hits you with a rapier.
* * * LOW HITPOINT WARNING * * *
The white draconian completely misses you.
Drink which item? (? for menu, Esc to quit)
You feel much better.
The orb of fire glows bright magenta.
The fireball explodes!
The fireball engulfs you! You resist.
You die...
Your body rises from the dead as a mindless zombie.

#...#.... #....'......
....... #....##..... ..X..
##....##.... ##...#####
####...###... #....##..##
#..#'#+#####' #.d[##....##
#.......+..8.
#...)##dd..###.......#.###
#..†dXd*...###..[..## ..
#..†.###@..####...## ##.
###8.# #.q..#####'### .>
#######....###....####.
#......##.....#....
###....#.#.........##
#.....##.....#......#
#.....##....##.....##
#...#.#....###..#..#
##..#......# #######


You could see an orb of fire, a tentacled monstrosity, a green draconian
(berserk), 2 draconians, a white draconian and a red draconian shifter.

Vanquished Creatures
  the Royal Jelly (Slime:6)
  The ghost of franckfuck the Axe Maniac, a legendary MiBe of Trog (Tomb:1)
  Mennas (Vaults:3)
  Khufu (Tomb:3)
  An ancient lich (Tomb:1)
  A juggernaut (Depths:5)
  25 greater mummies
  Frederick (Tomb:2)
  Saint Roka (Vaults:1)
  Margery (Crypt:3)
  5 golden dragons
  Jory (Crypt:3)
  A profane servitor (Crypt:3)
  9 bone dragons
  A hellephant (Abyss:1)
  15 liches
  2 Hell Sentinels (Abyss:1)
  6 tentacled monstrosities
  An Ice Fiend (IceCv)
  2 deep elf blademasters (Elf:3)
  4 deep elf master archers (Elf:3)
  3 titans (Vaults:5)
  A quicksilver dragon (Vaults:5)
  4 sphinxes
  7 ancient champions
  Gastronok (D:9)
  5 acid blobs
  An Executioner (Abyss:1)
  24 tentacled starspawn (Abyss:1)
  A death cob (Zot:1)
  A thorn hunter (Swamp:4)
  6 tengu reavers
  3 storm dragons
  2 shadow dragons
  2 draconian monks
  3 revenants
  2 daevas (Abyss:1)
  4 azure jellies
  2 balrugs (Abyss:1)
  6 fire giants
  Donald (Crypt:1)
  8 frost giants
  11 deep elf sorcerers
  Aizul (Swamp:3)
  A draconian zealot (Abyss:1)
  A draconian knight (Depths:5)
  2 ghost moths
  4 cacodemons (Abyss:1)
  15 vault wardens
  5 deep elf elementalists
  4 emperor scorpions
  16 ghouls
  An angel (Abyss:1)
  20 very ugly things
  13 ironheart preservers
  3 curse skulls
  A war gargoyle (Vaults:5)
  18 stone giants
  4 vampire knights
  A bennu (Tomb:1)
  A reaper (Depths:3)
  5 deep elf demonologists
  A purple draconian (Depths:5)
  7 deep elf annihilators
  3 lorocyprocas (Abyss:1)
  2 black draconians (Abyss:1)
  A mottled draconian (Depths:5)
  4 salamander stormcallers
  A yellow draconian (Depths:5)
  2 red draconians
  3 spark wasps
  12 ettins
  18 mummy priests
  6 deep elf death magi
  14 eidola
  A quicksilver dragon zombie (Crypt:3)
  9 fire dragons
  A crystal guardian (Abyss:1)
  4 jiangshi
  3 death oozes
  2 deep elf high priests
  24 vault guards
  14 great orbs of eyes
  6 ice dragons
  8 rakshasas
  5 entropy weavers
  13 hydras
  12 yaktaur captains
  2 spriggan air magi
  8 ogre magi
  A merfolk avatar (Abyss:4)
  3 centaur warriors
  2 ghost crabs
  A queen ant (Spider:1)
  The ghost of whitenoisemaker the Spear-Bearer, a journeyman DsGl of Makhleb (IceCv)
  10 dancing weapons
  6 death knights
  10 deep troll earth magi
  8 deep troll shamans
  2 death yaks
  3 vampire magi
  2 tengu warriors (D:14)
  5 soul eaters
  20 thrashing horrors (Abyss:1)
  2 orc high priests (Orc:2)
  2 spriggan berserkers
  9 deep elf knights
  2 sun demons (Abyss:1)
  2 titan skeletons
  30 skeletal warriors
  3 shadow wraiths
  A fire crab (Vaults:3)
  11 hell knights
  26 wretched stars
  2 spatial maelstroms (Abyss:1)
  2 unseen horrors
  A death drake (shapeshifter) (Vaults:5)
  4 giant orange brains
  35 death scarabs
  32 deep trolls
  A shadow demon (Abyss:1)
  A golden dragon zombie (Tomb:1)
  2 storm dragon skeletons (Abyss:1)
  A sea snake (shapeshifter) (Vaults:1)
  9 flayed ghosts
  A death drake (Abyss:1)
  44 starcursed masses
  An anaconda zombie (Crypt:3)
  6 swamp dragons
  32 phantasmal warriors
  A spriggan druid (Swamp:4)
  A giant orange brain (shapeshifter) (Vaults:5)
  A sphinx zombie (Vaults:4)
  2 shadow dragon zombies (Crypt:3)
  An anubis guard (shapeshifter) (Depths:2)
  The ghost of Rekenzichi the Ducker, a novice DrGl (D:7)
  10 hill giants
  A wolf spider zombie (Crypt:3)
  A lindwurm (shapeshifter) (Vaults:5)
  8 deep elf archers
  9 orb spiders
  10 harpies
  A shambling mangrove (Swamp:3)
  16 ironbrand convokers
  3 orc sorcerers
  4 fire giant zombies
  3 golden dragon skeletons (Abyss:1)
  46 large abominations
  8 necromancers
  2 wizards
  2 stone giant zombies
  2 frost giant zombies
  20 wolf spiders
  17 anubis guards
  12 griffons
  2 shining eyes
  18 ugly things
  48 deep elf magi
  10 orc knights
  A salamander (shapeshifter) (Vaults:4)
  8 hornets
  2 mana vipers
  A mana viper (shapeshifter) (Vaults:5)
  6 cyclopes
  9 worldbinders (Abyss:1)
  8 sixfirhies (Abyss:1)
  5 moths of wrath
  2 fire giant skeletons (Tomb:2)
  2 elephants (Lair:8)
  2 salamanders (Vaults:3)
  2 centaur zombies
  3 apocalypse crabs (Abyss:1)
  4 eyes of devastation
  3 guardian serpents (Abyss:1)
  A spectral ogre (Vaults:4)
  12 vault sentinels
  Psyche (D:11)
  2 rust devils (Abyss:1)
  A storm dragon simulacrum (Vaults:4)
  A naga mage (Abyss:1)
  2 frost giant skeletons (Abyss:1)
  A titan simulacrum (Crypt:1)
  An elephant slug zombie (Crypt:2)
  2 ice statues (IceCv)
  17 smoke demons (Abyss:1)
  3 gargoyles
  5 human zombies
  7 spiny frogs
  2 torpor snails
  A yaktaur zombie (Vaults:4)
  A hellion (Abyss:1)
  5 orange demons
  4 rime drakes
  A kobold demonologist (Abyss:1)
  An efreet (Abyss:1)
  15 freezing wraiths
  32 guardian mummies
  6 demonic crawlers
  6 komodo dragons
  37 yaktaurs
  10 ancient zymes (Abyss:1)
  8 anaconda simulacra
  A death yak skeleton (Crypt:2)
  17 ice devils
  A yaktaur (shapeshifter) (Elf:3)
  A harpy zombie (Crypt:3)
  2 red devils
  A hydra zombie (Crypt:3)
  14 hellwings
  A silent spectre (Abyss:1)
  A troll (shapeshifter) (Vaults:3)
  A wind drake (shapeshifter) (Vaults:3)
  A queen bee (Lair:6)
  A golden dragon simulacrum (IceCv)
  An elf skeleton (Depths:2)
  A purple draconian skeleton (Crypt:2)
  7 trolls
  A minotaur skeleton (Crypt:1)
  A giant leech (Swamp:1)
  18 jumping spiders
  A shadow dragon simulacrum (Vaults:3)
  3 polar bears
  16 two-headed ogres
  32 raiju
  The ghost of dvd the Insei, an amateur MfTm of Cheibriados (D:3)
  5 bog bodies
  A fire giant simulacrum (Vaults:4)
  An ettin zombie (Tomb:3)
  13 ushabtiu
  31 blink frogs
  A hydra skeleton (Abyss:1)
  3 ice dragon zombies
  5 boulder beetles
  A fire dragon zombie (Abyss:1)
  74 slime creatures
  4 air elementals
  25 tarantellas
  75 redbacks
  20 ynoxinuls (Abyss:1)
  A black mamba zombie (Abyss:1)
  33 flying skulls
  An alligator skeleton (Abyss:1)
  2 wyverns
  A vampire (Abyss:1)
  A water elemental (Elf:3)
  3 shadows
  A fire dragon skeleton (Tomb:3)
  A giant leech zombie (Crypt:1)
  9 wraiths
  7 fire bats
  3 spriggans (Swamp:4)
  A golden eye (shapeshifter) (Depths:4)
  51 yaks
  8 golden eyes
  2 hogs (Swamp:4)
  4 basilisks
  A human (shapeshifter) (Depths:1)
  7 hippogriffs
  A hippogriff (shapeshifter) (Depths:2)
  2 fire elementals
  11 chaos spawn
  6 mottled dragons
  A merfolk zombie (Abyss:1)
  13 neqoxecs
  19 vampire mosquitoes
  8 spatial vortices (Abyss:1)
  3 steam dragons
  4 wargs
  A harpy simulacrum (IceCv)
  A spriggan simulacrum (Depths:2)
  13 swamp worms
  A swamp worm (shapeshifter) (Vaults:5)
  10 insubstantial wisps
  2 iron troll simulacra (IceCv)
  62 small abominations
  12 hell hounds
  18 soldier ants
  8 water moccasins
  A hell hound (shapeshifter) (Vaults:3)
  2 giant eyeballs
  7 porcupines
  A spiny frog skeleton (Tomb:1)
  An eye of draining (shapeshifter) (Abyss:3)
  33 orc warriors
  2 black bears
  9 ice beasts
  7 sky beasts
  5 swamp drakes
  14 necrophages
  4 phantoms
  A swamp dragon zombie (Abyss:1)
  13 wasps
  2 ogres (shapeshifter) (Vaults:5)
  A snapping turtle zombie (Crypt:3)
  11 boggarts
  44 ogres
  7 eyes of draining
  18 wolves
  2 centaurs
  2 big kobolds (Abyss:1)
  8 crocodiles
  A torpor snail zombie (Crypt:2)
  14 giant frogs
  2 earth elementals
  10 wyvern skeletons
  A water moccasin zombie (Crypt:2)
  6 scorpions
  A scorpion (shapeshifter) (Abyss:1)
  20 killer bees
  9 howler monkeys
  3 electric eels
  12 wights
  A raiju skeleton (Crypt:2)
  A troll skeleton (Crypt:1)
  21 jellies
  10 quasits
  A giant frog zombie (D:12)
  4 hounds
  A wasp zombie (Crypt:1)
  6 crimson imps
  14 orc wizards
  3 centaur skeletons
  12 orc priests
  12 iron imps (Abyss:1)
  2 giant frog skeletons
  Terence (D:2)
  2 human skeletons (Crypt:1)
  10 iguanas
  Natasha (thrice) (D:2)
  15 worker ants
  6 sheep
  A tengu zombie (Crypt:3)
  A giant frog simulacrum (D:8)
  A hound zombie (D:9)
  4 hound skeletons
  38 mummies
  Robin (D:4)
  A worker ant zombie (D:11)
  A gnoll (D:2)
  55 river rats
  14 adders
  7 shadow imps
  11 white imps
  14 ufetubi
  3 oozes
  A dart slug (D:1)
  5 giant geckos
  77 orcs
  4 giant cockroaches
  11 goblins
  7 hobgoblins
  6 jackals
  7 kobolds
  A ball python zombie (D:11)
  2 bats
  A dart slug zombie (Crypt:2)
  A giant gecko skeleton (D:8)
  2 giant newts
  A goblin skeleton (Crypt:1)
  A kobold simulacrum (Abyss:1)
  A kobold skeleton (Crypt:1)
  A quokka skeleton (D:5)
  7 rats
  2 crawling corpses (Elf:3)
  A fire vortex (Vaults:3)
  A fungus (Lair:7)
  A lost soul (Crypt:1)
  5 lurking horrors (Abyss:1)
  12 starspawn tentacles (Abyss:1)
  A withered plant (Crypt:3)
2746 creatures vanquished.

Vanquished Creatures (collateral kills)
  6 greater mummies
  Nikola (Swamp:3)
  2 golden dragons (Depths:5)
  Jorgrun (Swamp:2)
  3 liches
  21 acid blobs
  A tentacled starspawn (Abyss:1)
  A quicksilver dragon (Depths:2)
  An ancient champion (Tomb:1)
  6 sphinxes
  Frances (Swamp:2)
  2 thorn hunters
  An azure jelly (Slime:6)
  Agnes (D:14)
  4 fire giants
  A deep elf sorcerer (Vaults:4)
  7 vault wardens
  A frost giant (Depths:2)
  A draconian knight (Depths:5)
  3 orc warlords
  4 ghost moths
  Maud (D:11)
  Louise (Swamp:2)
  An emperor scorpion (Spider:1)
  4 ghouls (Crypt:2)
  A deep elf elementalist (Elf:3)
  6 ironheart preservers
  A war gargoyle (Vaults:5)
  10 stone giants
  A spriggan defender (Depths:3)
  A reaper (Abyss:1)
  7 very ugly things
  2 vampire knights
  A deep elf demonologist (Vaults:4)
  3 spark wasps
  A bennu (Tomb:1)
  A yellow draconian (Depths:5)
  A salamander stormcaller (Abyss:1)
  A purple draconian (Depths:5)
  3 deep elf annihilators (Elf:3)
  2 deep elf death magi
  Snorg (D:10)
  5 ettins
  7 mummy priests
  2 death oozes (Slime:6)
  13 vault guards
  6 fire dragons
  8 yaktaur captains
  Erolcha (D:12)
  5 great orbs of eyes
  15 hydras
  2 entropy weavers
  Harold (D:11)
  3 jiangshi (Crypt:2)
  2 deep elf high priests (Elf:3)
  4 ice dragons
  A rakshasa (Depths:2)
  A death knight (Crypt:3)
  A catoblepas (D:14)
  5 death yaks
  3 centaur warriors
  7 dancing weapons
  A deep troll earth mage (Vaults:4)
  4 vampire magi
  7 alligators
  4 deep troll shamans
  3 spriggan berserkers
  5 ogre magi
  3 tengu warriors
  2 orc high priests (Orc:2)
  The ghost of execc the Transmogrifier, a journeyman VSTm of Dithmenos (D:11)
  A titan zombie (Vaults:4)
  2 thrashing horrors (Abyss:1)
  Sonja (D:15)
  8 deep elf knights
  An iron troll (Depths:5)
  A wretched star (Abyss:1)
  5 hell knights (Depths:5)
  17 death scarabs
  A giant orange brain (shapeshifter) (Depths:2)
  A salamander mystic (Vaults:3)
  18 skeletal warriors
  A fire crab (Vaults:5)
  4 unseen horrors
  A giant orange brain (Vaults:3)
  18 deep trolls
  8 swamp dragons
  A spriggan druid (Swamp:3)
  4 hill giants
  4 flayed ghosts
  2 spatial maelstroms (Abyss:1)
  A golden dragon skeleton (Crypt:1)
  A putrid demonspawn (Depths:3)
  6 deep elf archers
  8 ironbrand convokers
  A shambling mangrove (Swamp:4)
  A wizard (Elf:1)
  3 necromancers
  4 anubis guards
  13 wolf spiders
  2 phantasmal warriors
  2 harpies (Depths:4)
  2 shining eyes
  6 orc knights
  26 ugly things
  7 orc sorcerers
  3 griffons
  2 human zombies
  10 orb spiders
  20 deep elf magi
  A manticore (Depths:4)
  A manticore (shapeshifter) (Vaults:4)
  3 hornets
  An elephant (Lair:8)
  4 salamanders (Vaults:3)
  2 centaur zombies (D:15)
  A stone giant skeleton (Crypt:1)
  7 vault sentinels
  A torpor snail (Spider:1)
  4 eyes of devastation
  4 black mambas
  2 fire giant skeletons
  A centaur skeleton (D:15)
  13 spiny frogs
  A gargoyle (D:10)
  5 porcupines
  2 rime drakes
  27 yaktaurs
  6 demonic crawlers
  An efreet (Abyss:1)
  A freezing wraith (Vaults:4)
  A yaktaur (shapeshifter) (Elf:1)
  A kobold demonologist (Vaults:1)
  8 komodo dragons
  2 redback zombies
  13 guardian mummies
  A tengu conjurer (Elf:1)
  3 trolls
  4 ancient zymes (Abyss:1)
  A troll (shapeshifter) (Depths:2)
  A hellwing (Depths:1)
  19 jumping spiders
  12 two-headed ogres
  A red devil (Depths:1)
  A giant leech (Swamp:2)
  A raiju (Abyss:1)
  19 blink frogs
  4 boulder beetles
  25 slime creatures
  6 ushabtiu
  11 bog bodies
  A death drake skeleton (Crypt:1)
  A human simulacrum (Vaults:4)
  2 spriggans (Swamp:1)
  A flying skull (Tomb:1)
  2 shadows
  51 redbacks
  5 air elementals
  A wraith (D:12)
  A fire elemental (Elf:3)
  14 tarantellas
  A water elemental (Depths:5)
  4 wyverns
  4 hogs (Swamp:4)
  4 basilisks
  34 yaks
  5 hippogriffs
  3 fire bats
  4 golden eyes
  3 small abominations (Abyss:1)
  11 vampire mosquitoes
  A hippogriff (shapeshifter) (Vaults:3)
  10 soldier ants (Spider:1)
  16 swamp worms
  A large abomination (Abyss:4)
  2 steam dragons (Lair:8)
  2 wargs (Orc:2)
  A mottled dragon (Lair:8)
  13 insubstantial wisps
  A spiny frog zombie (Tomb:1)
  A human skeleton (Vaults:4)
  An orb spider zombie (Crypt:2)
  8 water moccasins
  A swamp drake (shapeshifter) (Vaults:5)
  A giant eyeball (Depths:4)
  28 orc warriors
  9 swamp drakes
  5 eyes of draining
  4 ice beasts (Spider:1)
  3 necrophages
  8 wasps
  A sky beast (D:14)
  A swamp dragon skeleton (Crypt:1)
  20 ogres
  6 boggarts
  A centaur (D:9)
  10 wolves
  9 crocodiles
  A komodo dragon zombie (Crypt:2)
  An elf simulacrum (Vaults:1)
  10 giant frogs
  An earth elemental (Elf:1)
  2 scorpions
  10 killer bees
  6 wights
  4 electric eels
  7 howler monkeys
  3 crimson imps
  A hound (D:9)
  A wasp zombie (D:10)
  3 starcursed masses (Abyss:1)
  9 jellies
  6 orc priests
  An iron imp (Abyss:1)
  3 iguanas
  15 orc wizards
  4 worker ants (Spider:1)
  3 sheep (Lair:1)
  16 mummies
  5 adders
  69 river rats
  A swamp drake skeleton (Crypt:2)
  A shadow imp (D:15)
  49 orcs
  3 briar patches (Swamp:3)
  A fire vortex (Abyss:1)
  37 fungi
  21 plants
  2 starspawn tentacles (Abyss:1)
  2 withered plants (Crypt:3)
1294 creatures vanquished.

Vanquished Creatures (others)
  6 profane servitors
  8 bone dragons
  A sphinx (Tomb:1)
  An azure jelly (Slime:6)
  A frost giant (Depths:2)
  A deep elf elementalist (Vaults:5)
  An ironheart preserver (Vaults:3)
  9 ghouls
  A very ugly thing (Depths:5)
  A stone giant (Depths:2)
  10 vampire knights
  A spectral rakshasa (Tomb:1)
  2 mummy priests (Tomb:1)
  A fire dragon (Depths:2)
  A deep elf high priest (Elf:3)
  A spectral human (Swamp:4)
  A great orb of eyes (Depths:5)
  An ogre mage (Depths:4)
  A deep troll shaman (Depths:5)
  A deep elf knight (Vaults:3)
  A hell knight (Depths:4)
  A wretched star (Abyss:1)
  5 spectral elves
  A very ugly thing zombie (Depths:5)
  11 death scarabs
  9 skeletal warriors
  A spectral orc (Swamp:1)
  A harpy (Depths:4)
  A deep elf mage (Elf:1)
  A necromancer (Crypt:3)
  11 flayed ghosts
  An anubis guard (Tomb:1)
  2 wolf spider zombies
  9 phantasmal warriors
  A stone giant zombie (Vaults:4)
  A wolf spider (Spider:2)
  6 fire giant zombies
  4 ugly thing zombies
  11 death scarab zombies
  A fire giant skeleton (Tomb:2)
  A frost giant zombie (Depths:2)
  A moth of wrath (Zot:1)
  A two-headed ogre (Depths:2)
  A mottled draconian zombie (Depths:5)
  A death yak zombie (Lair:8)
  A purple draconian zombie (Depths:5)
  2 yaktaurs (Vaults:3)
  14 redback zombies
  10 ghoul skeletons
  2 entropy weaver zombies (Depths:1)
  5 harpy zombies
  A guardian mummy (Tomb:2)
  A tarantella zombie (Spider:1)
  3 hydra zombies
  2 demonic crawler zombies
  A raiju (Abyss:1)
  A blink frog (Abyss:1)
  8 jumping spider zombies
  2 fire dragon zombies
  17 deep troll zombies
  An ettin zombie (Depths:2)
  3 griffon zombies
  19 flying skulls
  3 ice dragon zombies
  A large abomination (Abyss:1)
  A black mamba zombie (Tomb:2)
  A hill giant zombie (D:13)
  A redback (Spider:2)
  17 vampires
  A wraith (D:14)
  A hungry ghost (D:15)
  16 elf zombies
  An insubstantial wisp (Swamp:1)
  A putrid demonspawn zombie (Depths:3)
  2 spiny frog zombies (Lair:8)
  A tengu zombie (Depths:2)
  4 deep troll skeletons (Vaults:3)
  2 elephant zombies (Lair:8)
  An orc warrior (Orc:1)
  A snapping turtle zombie (Tomb:3)
  An orb spider zombie (Spider:2)
  41 human zombies
  6 anubis guard zombies (Tomb:2)
  A swamp dragon zombie (Swamp:4)
  2 boggarts
  3 human skeletons
  3 ogres
  A blink frog skeleton (Lair:8)
  A torpor snail zombie (Spider:1)
  7 blink frog zombies
  2 rime drake zombies
  An elf skeleton (Vaults:3)
  5 vampire mosquito zombies
  2 komodo dragon zombies
  25 yaktaur zombies
  2 salamander zombies (Vaults:3)
  4 small abominations (Abyss:1)
  A wyvern zombie (Lair:8)
  A komodo dragon skeleton (Lair:7)
  6 water moccasin zombies
  12 yak zombies
  3 boulder beetle zombies
  A troll zombie (Vaults:4)
  A hippogriff zombie (Lair:8)
  2 wights
  8 wolf zombies
  4 wasp zombies
  3 basilisk zombies
  4 soldier ant zombies (Spider:1)
  2 giant frog zombies
  7 two-headed ogre zombies
  3 two-headed ogre skeletons (Depths:2)
  4 killer bee zombies
  4 crocodile zombies
  2 mottled dragon zombies (Vaults:2)
  24 ogre zombies
  6 necrophage skeletons (Crypt:3)
  2 ogre skeletons (Depths:2)
  3 mummies
  A howler monkey zombie (D:12)
  A swamp drake zombie (Lair:8)
  A white imp (Abyss:1)
  25 orc zombies
  3 sheep zombies
  An adder skeleton (Lair:7)
  5 adder zombies (Lair:7)
  2 orc skeletons
  3 river rat skeletons (Lair:2)
  28 river rat zombies
  2 briar patches
  A fire vortex (Vaults:3)
  11 fungi
  9 lost souls
  2 lurking horrors (Abyss:1)
  11 plants
  15 spectral weapons
  57 starspawn tentacles (Abyss:1)
  1021 starspawn tentacle segments (Abyss:1)
  23 withered plants (Crypt:3)
1714 creatures vanquished.

Grand Total: 5754 creatures vanquished

Notes
Turn   | Place    | Note
--------------------------------------------------------------
     0 | D:1      | Rekenzichi the Draconian Gladiator began the quest for the Orb.
     0 | D:1      | Reached XP level 1. HP: 17/17 MP: 1/1
   201 | D:1      | Reached XP level 2. HP: 25/25 MP: 2/2
   786 | D:2      | Noticed Terence
   796 | D:2      | Killed Terence
   796 | D:2      | Reached XP level 3. HP: 24/30 MP: 3/3
  1007 | D:2      | Noticed Natasha
  1042 | D:2      | Killed Natasha
  1042 | D:2      | Reached XP level 4. HP: 24/38 MP: 4/4
  1159 | D:2      | Noticed Natasha
  1166 | D:2      | Killed Natasha
  1395 | D:2      | Noticed Natasha
  1405 | D:2      | Killed Natasha
  1405 | D:2      | Reached XP level 5. HP: 20/45 MP: 5/5
  1448 | D:2      | Found a sparkling altar of Nemelex Xobeh.
  1855 | D:3      | Noticed dvd's ghost (amateur MfTm)
  1874 | D:3      | Killed dvd's ghost
  1874 | D:3      | Reached skill level 4 in Polearms
  1874 | D:3      | Reached XP level 6. HP: 36/52 MP: 6/6
  2002 | D:3      | Reached skill level 5 in Dodging
  2172 | D:4      | Noticed Robin
  2505 | D:4      | Killed Robin
  3008 | D:4      | Your scales start taking on a dull iron-grey colour.
  3008 | D:4      | Reached XP level 7. HP: 55/60 MP: 7/7
  3008 | D:4      | Gained mutation: You can survive without breathing. [Grey Draconian growth]
  3094 | D:5      | Entered Level 5 of the Dungeon
  3140 | D:5      | Found Doecounkiss's Armour Emporium.
  3158 | D:5      | Bought a +2 cloak of poison resistance for 203 gold pieces
  3196 | D:5      | Reached skill level 5 in Polearms
  3230 | D:5      | Reached skill level 5 in Fighting
  3556 | D:5      | Reached XP level 8. HP: 50/69 MP: 8/8
  3583 | D:5      | Found Hoetieka's Antique Weapon Boutique.
  4298 | D:6      | Reached skill level 6 in Polearms
  5349 | D:7      | Noticed a hill giant
  5425 | D:8      | Noticed a polar bear
  5446 | D:7      | Reached skill level 7 in Polearms
  5474 | D:7      | Reached XP level 9. HP: 44/78 MP: 9/9
  5746 | D:7      | Noticed Rekenzichi's ghost (novice DrGl)
  5782 | D:7      | Killed Rekenzichi's ghost
  6024 | D:7      | Found a staircase to the Ecumenical Temple.
  6029 | Temple   | Entered the Ecumenical Temple
  6050 | Temple   | Became a worshipper of Yredelemnul the Dark
  6208 | D:7      | Killed a hill giant
  6208 | D:7      | Reached skill level 8 in Polearms
  7128 | D:7      | Reached skill level 9 in Polearms
  7144 | D:7      | Killed a polar bear
  7489 | D:8      | Found a shattered altar of Ashenzari.
  7523 | D:8      | Reached XP level 10. HP: 83/88 MP: 10/10
  7593 | D:8      | Found a staircase to the Lair.
  7611 | D:8      | Found an oddly glowing altar of Pakellas.
  7611 | D:8      | Found a white marble altar of Elyvilon.
  7746 | D:7      | HP: 4/88 [steam dragon] (2)]
  8832 | D:9      | Reached * piety under Yredelemnul
  9022 | D:9      | Reached skill level 10 in Polearms
  9248 | D:9      | Found an ancient bone altar of Kikubaaqudgha.
  9822 | D:9      | Noticed Gastronok
  9856 | D:9      | Killed Gastronok
  9856 | D:9      | Reached skill level 11 in Polearms
 10276 | D:9      | Reached XP level 11. HP: 46/97 MP: 11/11
 10740 | D:10     | Entered Level 10 of the Dungeon
 10793 | D:10     | Noticed a hill giant
 10825 | D:9      | Killed a hill giant
 10825 | D:9      | Reached ** piety under Yredelemnul
 11360 | D:10     | Reached skill level 10 in Dodging
 11484 | D:10     | Noticed Snorg
 11839 | Lair:1   | Entered Level 1 of the Lair of Beasts
 11877 | Lair:1   | Learned a level 3 spell: Conjure Flame
 11984 | Lair:1   | Reached skill level 1 in Spellcasting
 11984 | Lair:1   | Reached skill level 1 in Conjurations
 12045 | Lair:1   | Reached skill level 1 in Invocations
 12585 | Lair:1   | Reached *** piety under Yredelemnul
 12773 | Lair:1   | Received a gift from Yredelemnul
 12917 | Lair:1   | Received a gift from Yredelemnul
 13765 | Lair:2   | Gained mutation: You are resistant to electric shocks. [potion of beneficial mutation]
 13813 | Lair:2   | Received a gift from Yredelemnul
 14111 | Lair:2   | Reached skill level 5 in Spellcasting
 14120 | Lair:2   | Reached **** piety under Yredelemnul
 14124 | Lair:2   | Reached XP level 12. HP: 69/106 MP: 19/19
 15052 | Lair:3   | Found a staircase to the Swamp.
 15102 | Lair:3   | Reached skill level 5 in Invocations
 15593 | Lair:4   | Received a gift from Yredelemnul
 15690 | Lair:4   | Noticed an eight-headed hydra
 15690 | Lair:4   | Noticed an eight-headed hydra
 15704 | Lair:4   | Killed an eight-headed hydra
 15704 | Lair:4   | Reached skill level 5 in Conjurations
 15708 | Lair:4   | Killed an eight-headed hydra
 16183 | Lair:4   | Found a hole to the Spider Nest.
 16998 | Lair:5   | Received a gift from Yredelemnul
 17025 | Lair:5   | Received a gift from Yredelemnul
 17887 | Lair:6   | HP: 2/106 [killer bee (12)]
 19006 | Lair:6   | Reached XP level 13. HP: 29/113 MP: 25/25
 19305 | Lair:6   | Reached ***** piety under Yredelemnul
 19618 | Lair:6   | Reached skill level 10 in Fighting
 19842 | Lair:7   | Reached skill level 1 in Shields
 20042 | Lair:7   | Reached skill level 12 in Polearms
 20053 | Lair:7   | Received a gift from Yredelemnul
 20572 | Lair:7   | Received a gift from Yredelemnul
 20696 | Lair:8   | Entered Level 8 of the Lair of Beasts
 20880 | Lair:8   | Received a gift from Yredelemnul
 21010 | Lair:8   | Received a gift from Yredelemnul
 21114 | Lair:8   | Noticed a fire dragon
 21131 | Lair:8   | Killed a fire dragon
 21140 | Lair:8   | Reached skill level 5 in Shields
 21239 | Lair:8   | Found a staircase to the Slime Pits.
 21277 | Lair:8   | Reached skill level 13 in Polearms
 21780 | Lair:8   | Received a gift from Yredelemnul
 22603 | Lair:8   | Received a gift from Yredelemnul
 22725 | Lair:8   | Reached XP level 14. HP: 40/121 MP: 26/26
 23597 | D:10     | Killed Snorg
 23738 | D:11     | Noticed execc's ghost (journeyman VSTm)
 24037 | D:11     | Killed execc's ghost
 24119 | D:11     | Found Nyguynlu's Armour Emporium.
 24132 | D:11     | Received a gift from Yredelemnul
 24248 | D:11     | Noticed Harold
 24261 | D:11     | Killed Harold
 24353 | D:11     | Reached skill level 14 in Polearms
 24619 | D:11     | Found a staircase to the Orcish Mines.
 24680 | D:11     | Received a gift from Yredelemnul
 24923 | D:11     | Noticed Maud
 24937 | D:11     | Killed Maud
 25049 | D:11     | Bought a +1 shield of cold resistance for 198 gold pieces
 25095 | D:11     | Noticed Psyche
 25104 | D:11     | Killed Psyche
 25177 | D:11     | Received a gift from Yredelemnul
 25211 | D:11     | Found a burning altar of Makhleb.
 25211 | D:11     | Noticed an Executioner
 25484 | D:12     | Noticed Erolcha
 25499 | D:12     | Killed Erolcha
 25500 | D:12     | Received a gift from Yredelemnul
 25715 | D:12     | Found Goecs's Blasphemy Boutique.
 25721 | D:12     | Found an ancient bone altar of Kikubaaqudgha.
 25723 | D:12     | Bought a book of Necromancy for 390 gold pieces
 25727 | D:12     | Learned a level 3 spell: Regeneration
 26428 | D:13     | Reached skill level 1 in Charms
 26673 | D:13     | Received a gift from Yredelemnul
 26870 | D:13     | Received a gift from Yredelemnul
 27091 | D:14     | Noticed Agnes
 27104 | D:14     | Killed Agnes
 27290 | D:14     | Found a gate to the Vaults.
 27465 | D:14     | Received a gift from Yredelemnul
 27549 | D:14     | Found a shadowy altar of Dithmenos.
 28033 | D:15     | Entered Level 15 of the Dungeon
 28080 | D:15     | Found a flickering gateway to a bazaar.
 28084 | Bazaar   | Entered a bazaar
 28102 | Bazaar   | Found Ludutott's Gadget Shop.
 28120 | Bazaar   | Found Joco's Book Boutique.
 28120 | Bazaar   | Found Vinues Rouh's Weapon Shop.
 28148 | Bazaar   | Found Plog's Weapon Shop.
 28185 | Bazaar   | Bought a book of Battle for 720 gold pieces
 28202 | D:15     | Learned a level 2 spell: Song of Slaying
 28205 | D:15     | Learned a level 2 spell: Shroud of Golubria
 28209 | D:15     | Learned a level 3 spell: Spectral Weapon
 28235 | D:15     | Found a staircase to the Depths.
 28254 | D:15     | Reached XP level 15. HP: 48/130 MP: 27/27
 28618 | D:15     | Noticed Sonja
 28632 | D:15     | Killed Sonja
 28632 | D:15     | Reached skill level 15 in Polearms
 28811 | D:15     | Received a gift from Yredelemnul
 29025 | Orc:1    | Entered Level 1 of the Orcish Mines
 29111 | Orc:1    | Noticed an orc warlord
 29124 | Orc:1    | Killed an orc warlord
 29499 | Orc:1    | Received a gift from Yredelemnul
 29594 | Orc:1    | Found a roughly hewn altar of Beogh.
 30144 | Orc:2    | Entered Level 2 of the Orcish Mines
 30144 | Orc:2    | Found Duachad's Jewellery Boutique.
 30179 | Orc:2    | Found Hitoxt's General Store.
 30209 | Orc:2    | Noticed an orc warlord
 30212 | Orc:2    | Killed an orc warlord
 30240 | Orc:2    | Reached skill level 5 in Charms
 30260 | Orc:2    | Received a gift from Yredelemnul
 30368 | Orc:2    | Found a staircase to the Elven Halls.
 30405 | Orc:2    | Found Ysidee's Antique Armour Shop.
 30445 | Orc:2    | Found a roughly hewn altar of Beogh.
 30573 | Orc:2    | Found Kink's Food Shoppe.
 30758 | Orc:2    | Found Jinenise's Antique Weapon Shop.
 30771 | Orc:2    | Noticed an orc warlord
 30794 | Orc:2    | Killed an orc warlord
 30967 | Orc:2    | Reached ****** piety under Yredelemnul
 31125 | Orc:2    | Bought the ring "Kigaoxuxt" {rElec rC+ MR+ Dex+5 Slay+3} for 1125 gold pieces
 31143 | Orc:2    | Bought a potion of heal wounds for 60 gold pieces
 31143 | Orc:2    | Bought 2 potions of curing for 72 gold pieces
 31365 | Swamp:1  | Entered Level 1 of the Swamp
 31622 | Swamp:1  | Noticed a thorn hunter
 31650 | Swamp:1  | Killed a thorn hunter
 31650 | Swamp:1  | Reached skill level 10 in Invocations
 31727 | Swamp:1  | Got a clouded amethyst amulet
 31729 | Swamp:1  | Identified the amulet of Qesoiceg {Harm *Drain rN+ Int+4} (You found it on level 1 of the Swamp)
 32000 | Swamp:1  | Received a gift from Yredelemnul
 32073 | Swamp:2  | Noticed Jorgrun
 32073 | Swamp:2  | Noticed Louise
 32076 | Swamp:2  | Killed Jorgrun
 32084 | Swamp:2  | Killed Louise
 32364 | Swamp:2  | Noticed Frances
 32375 | Swamp:2  | Killed Frances
 32622 | Swamp:3  | Received a gift from Yredelemnul
 32672 | Swamp:3  | Noticed Nikola
 32680 | Swamp:3  | Killed Nikola
 32685 | Swamp:3  | Noticed a thorn hunter
 32693 | Swamp:3  | Killed a thorn hunter
 32731 | Swamp:3  | Noticed Aizul
 32736 | Swamp:3  | Reached XP level 16. HP: 105/139 MP: 28/28
 32739 | Swamp:3  | Killed Aizul
 32770 | Swamp:3  | Got an ancient granite ring
 32772 | Swamp:3  | Identified the ring "Jinid" {*Drain rPois rN+++ Str+4 Stlth+} (You found it on level 3 of the Swamp)
 33216 | Swamp:4  | Entered Level 4 of the Swamp
 33258 | Swamp:4  | Noticed Kirke
 33265 | Swamp:4  | Killed Kirke
 33265 | Swamp:4  | Enslaved Kirke
 33361 | Swamp:4  | Noticed a thorn hunter
 33363 | Swamp:4  | Received a gift from Yredelemnul
 33373 | Swamp:4  | Killed a thorn hunter
 33398 | Swamp:4  | Your ally Kirke died
 33427 | Swamp:4  | Got a decaying rune of Zot
 33956 | Spider:1 | Entered Level 1 of the Spider Nest
 33974 | Spider:1 | Found a frozen archway.
 33997 | IceCv    | Entered an ice cave
 33997 | IceCv    | Noticed whitenoisemaker's ghost (journeyman DsGl)
 34003 | IceCv    | Killed whitenoisemaker's ghost
 34003 | IceCv    | Reached skill level 10 in Shields
 34286 | IceCv    | Noticed an Ice Fiend
 34305 | IceCv    | Killed an Ice Fiend
 34788 | Spider:1 | Received a gift from Yredelemnul
 34826 | Spider:1 | Received a gift from Yredelemnul
 35265 | Spider:1 | Received a gift from Yredelemnul
 35333 | Spider:2 | Reached skill level 16 in Polearms
 35465 | Spider:2 | Received a gift from Yredelemnul
 35467 | Spider:2 | Reached XP level 17. HP: 86/148 MP: 29/29
 35788 | Spider:2 | Received a gift from Yredelemnul
 36151 | Spider:2 | Received a gift from Yredelemnul
 36423 | Spider:3 | Received a gift from Yredelemnul
 36863 | Spider:3 | Received a gift from Yredelemnul
 36975 | Spider:4 | Entered Level 4 of the Spider Nest
 37183 | Spider:4 | Received a gift from Yredelemnul
 37366 | Spider:4 | Received a gift from Yredelemnul
 37532 | Spider:4 | Learned a level 2 spell: Repel Missiles
 37534 | Spider:4 | Learned a level 1 spell: Apportation
 37579 | Spider:4 | Received a gift from Yredelemnul
 37698 | Spider:4 | Received a gift from Yredelemnul
 37699 | Spider:4 | Reached skill level 10 in Charms
 37717 | Spider:4 | Got a gossamer rune of Zot
 38299 | Elf:1    | Entered Level 1 of the Elven Halls
 38430 | Elf:1    | Got a smoking ruby amulet
 38432 | Elf:1    | Identified the amulet "Gokoghoo" {Gourm rPois MR+} (You found it on level 1 of the Elven Halls)
 38516 | Elf:1    | Received a gift from Yredelemnul
 38739 | Elf:1    | Found a deep blue altar of Sif Muna.
 38893 | Elf:1    | Reached XP level 18. HP: 135/158 MP: 30/30
 39205 | Elf:1    | Found Jutaalue's Antique Weapon Shop.
 39321 | Elf:2    | Found a radiant altar of Vehumet.
 39329 | Elf:2    | Found a flickering gateway to a bazaar.
 39343 | Bazaar   | Entered a bazaar
 39343 | Bazaar   | Found Yfurydgh's Assorted Antiques.
 39350 | Bazaar   | Found Daohene's Food Boutique.
 39393 | Bazaar   | Found Qaesaqo's Weapon Boutique.
 39402 | Bazaar   | Found Juojoc's Distillery.
 39410 | Bazaar   | Bought a potion of heal wounds for 50 gold pieces
 39410 | Bazaar   | Bought a potion of heal wounds for 50 gold pieces
 39461 | Bazaar   | Bought a potion of curing for 30 gold pieces
 39461 | Bazaar   | Bought a potion of curing for 30 gold pieces
 39486 | Bazaar   | Bought a scroll labeled FIANAO XOSHRYO for 29 gold pieces
 39486 | Bazaar   | Identified a scroll of acquirement
 39618 | Elf:2    | Found a runed gate.
 39618 | Elf:2    | Found a runed gate.
 39618 | Elf:2    | Found a runed gate.
 39668 | Elf:2    | Noticed an Ice Fiend
 40104 | Elf:2    | Learned a level 2 spell: Blink
 40401 | Elf:3    | Entered Level 3 of the Elven Halls
 40691 | Elf:3    | Received a gift from Yredelemnul
 40911 | Elf:3    | Received a gift from Yredelemnul
 41865 | Elf:3    | Got a slimy glaive {freeze}
 41973 | Elf:3    | Identified the +8 glaive of Righteous Anger {freeze, rPois rF- rN+ Int+3} (You took it off a deep elf elementalist on level 3 of the Elven Halls)
 42264 | Elf:3    | Got a scorched iron ring
 42387 | Elf:3    | Received a gift from Yredelemnul
 42566 | Elf:3    | Identified the ring "Abooh" {Dex+2 Stlth-} (You took it off a deep elf blademaster on level 3 of the Elven Halls)
 42958 | Elf:3    | Found a gateway to a bazaar.
 42973 | Bazaar   | Entered a bazaar
 42986 | Bazaar   | Found Taoffiugh's Jewellery Emporium.
 43057 | Bazaar   | Found Erhop's Gadget Emporium.
 43104 | Bazaar   | Found Ynarho's Magic Scroll Boutique.
 43140 | Bazaar   | Found Guilait's Book Emporium.
 43443 | Bazaar   | Bought a scroll of identify for 18 gold pieces
 43443 | Bazaar   | Bought a scroll of recharging for 85 gold pieces
 43443 | Bazaar   | Bought a scroll of identify for 18 gold pieces
 43443 | Bazaar   | Bought a scroll of enchant armour for 67 gold pieces
 43443 | Bazaar   | Bought a scroll of remove curse for 27 gold pieces
 44028 | Vaults:1 | Entered Level 1 of the Vaults
 44044 | Vaults:1 | Received a gift from Yredelemnul
 44053 | Vaults:1 | Reached XP level 19. HP: 167/167 MP: 31/31
 44499 | Vaults:1 | Received a gift from Yredelemnul
 44851 | Vaults:1 | Received a gift from Yredelemnul
 45405 | Vaults:1 | Noticed Saint Roka
 45430 | Vaults:1 | Killed Saint Roka
 45730 | Vaults:1 | Received a gift from Yredelemnul
 45757 | Vaults:1 | Reached skill level 17 in Polearms
 45812 | Vaults:1 | Your ally Saint Roka died
 46310 | Vaults:1 | Received a gift from Yredelemnul
 46500 | Vaults:2 | Found Rukhlywa's Antique Armour Boutique.
 46547 | Vaults:2 | Bought a pair of embroidered gloves for 112 gold pieces
 46724 | Vaults:2 | Received a gift from Yredelemnul
 47824 | Vaults:3 | Received a gift from Yredelemnul
 47829 | Vaults:3 | Noticed a Tzitzimitl
 48520 | Vaults:3 | Received a gift from Yredelemnul
 48629 | Vaults:3 | Reached XP level 20. HP: 72/175 MP: 32/32
 48715 | Vaults:3 | Received a gift from Yredelemnul
 48721 | Vaults:3 | Reached skill level 15 in Shields
 49590 | Vaults:3 | Noticed Mennas
 49618 | Vaults:3 | Killed Mennas
 49618 | Vaults:3 | Reached skill level 15 in Fighting
 49900 | Vaults:3 | Received a gift from Yredelemnul
 50004 | Vaults:3 | Found a staircase to the Crypt.
 50564 | Vaults:3 | Got a faintly glowing buckler
 50575 | Vaults:3 | Identified the +1 buckler of Fuiroack {-Cast rF+ MP+9} (You found it on level 3 of the Vaults)
 51052 | Vaults:4 | Noticed a Tzitzimitl
 51059 | Vaults:3 | Received a gift from Yredelemnul
 51495 | Vaults:4 | Received a gift from Yredelemnul
 51790 | Vaults:4 | Found Lomi's Weapon Shop.
 51856 | Vaults:4 | Received a gift from Yredelemnul
 51922 | Vaults:4 | Reached XP level 21. HP: 105/184 MP: 33/33
 51950 | Vaults:4 | Received a gift from Yredelemnul
 52904 | Vaults:5 | Entered Level 5 of the Vaults
 53128 | Vaults:4 | Received a gift from Yredelemnul
 53285 | Vaults:4 | Received a gift from Yredelemnul
 53429 | Vaults:5 | Noticed a golden dragon
 53668 | Vaults:4 | Killed a golden dragon
 54261 | Vaults:5 | Received a gift from Yredelemnul
 54883 | Vaults:5 | Reached skill level 18 in Polearms
 54908 | Vaults:5 | Got a silver rune of Zot
 54910 | Vaults:5 | Got a shimmering golden ring
 54920 | Vaults:5 | Got a pair of faintly humming gloves
 54931 | Vaults:5 | Identified the +2 pair of gloves "Mougocil" {rN+} (You found it on level 5 of the Vaults)
 55135 | Vaults:5 | Received a gift from Yredelemnul
 55268 | Vaults:5 | Identified the cursed ring "Nukafu Utzy" {*Confuse rPois MR+++ Str-5 SInv} (You took it off a vault sentinel on level 5 of the Vaults)
 55281 | Vaults:5 | Got a scorched turquoise ring
 55380 | Vaults:5 | Reached XP level 22. HP: 192/192 MP: 34/34
 55681 | Vaults:5 | Received a gift from Yredelemnul
 55706 | Vaults:5 | Identified the ring "Conioxeph" {rElec rPois Str-5 Dex+6 Stlth-} (You found it on level 5 of the Vaults)
 56006 | Vaults:3 | Received a gift from Yredelemnul
 57453 | Crypt:1  | Entered Level 1 of the Crypt
 57532 | Crypt:1  | Reached skill level 15 in Charms
 57677 | Crypt:1  | Reached skill level 15 in Invocations
 58034 | Crypt:1  | Found an ancient bone altar of Kikubaaqudgha.
 58274 | Crypt:1  | Noticed Donald
 58290 | Crypt:1  | Killed Donald
 58939 | Crypt:2  | Reached skill level 15 in Dodging
 59841 | Crypt:3  | Entered Level 3 of the Crypt
 60361 | Crypt:3  | HP: 8/193 [phantasmal warrior (18)]
 61336 | Crypt:3  | Noticed Jory
 61345 | Crypt:3  | Killed Jory
 61595 | Crypt:3  | Found a staircase to the Tomb.
 61698 | Crypt:3  | Noticed Margery
 61724 | Crypt:3  | Reached XP level 23. HP: 198/198 MP: 35/35
 62270 | Crypt:3  | Killed Margery
 62287 | Crypt:3  | Killed the ghostly Margery
 62300 | Crypt:3  | Reached skill level 1 in Translocations
 62566 | Crypt:3  | Found a basalt altar of Yredelemnul.
 63184 | Crypt:3  | Identified the Compendium of Attacks (You found it on level 3 of the Crypt)
 63202 | Crypt:3  | Identified the Reference Book on Frigorific Sinister Arts (You found it on level 3 of the Crypt)
 63446 | Crypt:3  | Reached skill level 19 in Polearms
 64025 | Depths:1 | Entered Level 1 of the Depths
 64067 | Depths:1 | Received a gift from Yredelemnul
 64428 | Depths:1 | Noticed Sojobo
 64450 | Depths:1 | Received a gift from Yredelemnul
 64462 | Depths:1 | Killed Sojobo
 64462 | Depths:1 | Enslaved Sojobo
 64897 | Depths:1 | Found a gateway to Hell.
 65334 | Depths:1 | Noticed Mara
 65343 | Depths:1 | Noticed Rekenzichi's illusion
 65350 | Depths:1 | Killed Mara
 65350 | Depths:1 | Enslaved Mara
 66498 | Depths:2 | Received a gift from Yredelemnul
 66820 | Depths:2 | Reached XP level 24. HP: 136/208 MP: 35/35
 66820 | Depths:2 | Received a gift from Yredelemnul
 66953 | Depths:2 | Reached skill level 5 in Translocations
 67080 | Depths:2 | Received a gift from Yredelemnul
 68072 | Depths:3 | Received a gift from Yredelemnul
 68085 | Depths:3 | Found a one-way gate leading to the halls of Pandemonium.
 68243 | Depths:3 | Found a one-way gate to the infinite horrors of the Abyss.
 68824 | Depths:4 | Found Dupoany's Antique Armour Shop.
 68901 | Depths:4 | Received a gift from Yredelemnul
 69046 | Depths:4 | Received a gift from Yredelemnul
 69070 | Depths:4 | Reached skill level 20 in Polearms
 69286 | Depths:4 | Received a gift from Yredelemnul
 69434 | Depths:4 | Found a gateway to a ziggurat.
 69614 | Depths:4 | Found an iron altar of Okawaru.
 69626 | Depths:4 | Found a large runed door.
 69627 | Depths:4 | Found a large runed door.
 69772 | Depths:4 | Paralysed by a giant eyeball for 2 turns
 69781 | Depths:4 | Paralysed by a giant eyeball for 2 turns
 69792 | Depths:4 | Paralysed by a giant eyeball for 4 turns
 69944 | Depths:5 | Entered Level 5 of the Depths
 69961 | Depths:5 | Noticed a juggernaut
 69967 | Depths:5 | Killed a juggernaut
 70039 | Depths:5 | Received a gift from Yredelemnul
 70231 | Depths:5 | Received a gift from Yredelemnul
 70402 | Depths:5 | Reached XP level 25. HP: 218/218 MP: 35/35
 70609 | Depths:5 | Found a gate to the Realm of Zot.
 71178 | Slime:1  | Entered Level 1 of the Pits of Slime
 71212 | Slime:1  | Received a gift from Yredelemnul
 71625 | Slime:3  | Received a gift from Yredelemnul
 71875 | Slime:3  | Received a gift from Yredelemnul
 71914 | Slime:4  | Received a gift from Yredelemnul
 71979 | Slime:5  | Gained mutation: You are frail (-10% HP). [a shining eye]
 71980 | Slime:5  | Gained mutation: You are weak. (Str -2) [a shining eye]
 71995 | Slime:6  | Entered Level 6 of the Pits of Slime
 72052 | Slime:6  | Received a gift from Yredelemnul
 72190 | Slime:6  | Received a gift from Yredelemnul
 72429 | Slime:6  | Reached skill level 21 in Polearms
 72470 | Slime:6  | Found a viscous altar of Jiyva.
 72472 | Slime:6  | Noticed the Royal Jelly
 72483 | Slime:6  | Killed the Royal Jelly
 72949 | Slime:6  | Got a slimy rune of Zot
 73021 | Slime:6  | Got a shimmering copper ring
 73022 | Slime:6  | Identified the ring "Riaj" {*Corrode +Fly rF- Dex+8 SInv} (You found it on level 6 of the Pits of Slime)
 73033 | Slime:6  | Got a flickering bone amulet
 73034 | Slime:6  | Identified the amulet "Qiphuusk" {RegenMP rC+} (You found it on level 6 of the Pits of Slime)
 73075 | Slime:6  | Received a gift from Yredelemnul
 73772 | Depths:5 | Voluntarily entered the Abyss.
 73979 | Abyss:1  | HP: 4/196 [daeva/divine providence (10)]
 74076 | Depths:5 | Escaped the Abyss
 74349 | Depths:5 | Voluntarily entered the Abyss.
 74574 | Abyss:1  | Gained mutation: You expend magic power (3 MP) to strengthen your wands. [a neqoxec]
 74656 | Abyss:1  | Found a corrupted altar of Lugonu.
 74759 | Abyss:1  | Paralysed by accursed screaming for 2 turns
 74760 | Abyss:1  | Gained mutation: You regenerate slowly when monsters are visible. [a cacodemon]
 74763 | Abyss:1  | Paralysed by accursed screaming for 2 turns
 74771 | Abyss:1  | Paralysed by accursed screaming for 1 turns
 74776 | Abyss:1  | Paralysed by accursed screaming for 1 turns
 75138 | Depths:5 | Escaped the Abyss
 75477 | Depths:5 | Voluntarily entered the Abyss.
 75477 | Abyss:1  | Found a corrupted altar of Lugonu.
 75565 | Abyss:1  | Paralysed by accursed screaming for 2 turns
 75571 | Abyss:1  | Paralysed by accursed screaming for 2 turns
 75584 | Abyss:1  | Paralysed by accursed screaming for 2 turns
 75595 | Abyss:1  | HP: 8/203 [starcursed mass/accursed screaming (11)]
 75595 | Abyss:1  | Paralysed by accursed screaming for 1 turns
 75611 | Abyss:1  | HP: 9/203 [starcursed mass/accursed screaming (9)]
 76351 | Abyss:1  | Gained mutation: Scrolls take you a little longer to read. [a cacodemon]
 76823 | Depths:5 | Escaped the Abyss
 76940 | Depths:5 | Lost mutation: Scrolls take you a little longer to read. [potion of cure mutation]
 76940 | Depths:5 | Lost mutation: You regenerate slowly when monsters are visible. [potion of cure mutation]
 76940 | Depths:5 | Lost mutation: You are weak. (Str -2) [potion of cure mutation]
 76940 | Depths:5 | Lost mutation: You expend magic power (3 MP) to strengthen your wands. [potion of cure mutation]
 76948 | Depths:5 | Voluntarily entered the Abyss.
 77018 | Abyss:1  | Reached XP level 26. HP: 37/210 MP: 35/35
 77054 | Abyss:1  | HP: 6/210 [starcursed mass/accursed screaming (7)]
 77414 | Abyss:1  | Found a corrupted altar of Lugonu.
 77436 | Abyss:1  | Found a corrupted altar of Lugonu.
 77501 | Abyss:1  | Received a gift from Yredelemnul
 77628 | Abyss:1  | Paralysed by accursed screaming for 1 turns
 78068 | Abyss:1  | Gained mutation: Your magical capacity is very low (-20% MP). [a neqoxec]
 78300 | Abyss:1  | Received a gift from Yredelemnul
 79209 | Abyss:1  | Found a corrupted altar of Lugonu.
 79809 | Abyss:1  | Reached skill level 10 in Translocations
 80113 | Abyss:2  | Found a corrupted altar of Lugonu.
 80379 | Depths:5 | Escaped the Abyss
 80438 | Depths:2 | Reached skill level 22 in Polearms
 80480 | Depths:1 | Received a gift from Yredelemnul
 80831 | Tomb:1   | Entered Level 1 of the Tomb of the Ancients
 80842 | Tomb:1   | Noticed franckfuck's ghost (legendary MiBe)
 80864 | Tomb:1   | Killed franckfuck's ghost
 82060 | Tomb:2   | Noticed a greater mummy
 82060 | Tomb:2   | Noticed a greater mummy
 82061 | Tomb:2   | Noticed an ancient lich
 82061 | Tomb:2   | Noticed a greater mummy
 82498 | Tomb:1   | Killed an ancient lich
 83105 | Tomb:1   | Killed a greater mummy
 83396 | Tomb:1   | Your ally Mara died
 83433 | Tomb:1   | Killed a greater mummy
 83802 | Tomb:1   | Killed a greater mummy
 84987 | Tomb:1   | Noticed a greater mummy
 84992 | Tomb:1   | Noticed a greater mummy
 84999 | Tomb:1   | Killed a greater mummy
 85007 | Tomb:1   | Noticed a greater mummy
 85008 | Tomb:1   | Killed a greater mummy
 85016 | Tomb:1   | Killed a greater mummy
 85281 | Tomb:1   | Noticed a greater mummy
 85296 | Tomb:1   | Killed a greater mummy
 85466 | Tomb:1   | Noticed a greater mummy
 85473 | Tomb:1   | Killed a greater mummy
 85646 | Tomb:1   | Noticed a greater mummy
 85656 | Tomb:1   | Killed a greater mummy
 85668 | Tomb:1   | Noticed a greater mummy
 85681 | Tomb:1   | Killed a greater mummy
 85681 | Tomb:1   | Reached XP level 27. HP: 142/211 MP: 32/32
 85694 | Tomb:1   | Noticed a greater mummy
 85705 | Tomb:1   | Killed a greater mummy
 85815 | Tomb:1   | Noticed a greater mummy
 85820 | Tomb:1   | Killed a greater mummy
 85853 | Tomb:1   | Noticed a greater mummy
 85863 | Tomb:1   | Killed a greater mummy
 85898 | Tomb:1   | Noticed a greater mummy
 85900 | Tomb:1   | Killed a greater mummy
 86011 | Tomb:1   | Noticed a greater mummy
 86023 | Tomb:1   | Killed a greater mummy
 86026 | Tomb:1   | Noticed a greater mummy
 86030 | Tomb:1   | Noticed a greater mummy
 86042 | Tomb:1   | Killed a greater mummy
 86049 | Tomb:1   | Killed a greater mummy
 86234 | Tomb:1   | Noticed a greater mummy
 86248 | Tomb:1   | Killed a greater mummy
 86449 | Tomb:1   | Noticed a greater mummy
 86464 | Tomb:1   | Killed a greater mummy
 86501 | Tomb:1   | Noticed a greater mummy
 86523 | Tomb:1   | Noticed a greater mummy
 87392 | Tomb:1   | Killed a greater mummy
 87757 | Tomb:1   | Killed a greater mummy
 87805 | Tomb:1   | Noticed a greater mummy
 87812 | Tomb:1   | Noticed a greater mummy
 88611 | Tomb:1   | Killed a greater mummy
 88611 | Tomb:1   | Reached skill level 23 in Polearms
 88669 | Tomb:1   | Killed a greater mummy
 89449 | Tomb:2   | Received a gift from Yredelemnul
 89504 | Tomb:3   | Entered Level 3 of the Tomb of the Ancients
 89849 | Tomb:3   | Noticed a greater mummy
 90926 | Tomb:3   | Noticed a greater mummy
 90939 | Tomb:3   | Noticed Frederick
 91136 | Tomb:2   | Killed a greater mummy
 91520 | Tomb:3   | Noticed a greater mummy
 92013 | Tomb:2   | Killed a greater mummy
 92202 | Tomb:2   | Killed Frederick
 92224 | Tomb:2   | Killed a greater mummy
 92509 | Tomb:3   | Noticed a greater mummy
 92537 | Tomb:3   | Killed a greater mummy
 92613 | Tomb:3   | Got a vibrating wooden ring
 92637 | Tomb:3   | Got a slimy lead ring
 92648 | Tomb:3   | Got a wavering golden ring
 92658 | Tomb:3   | Identified the ring of Lady Luck {rCorr +Fly rN+++ Str-4 Dex-4} (You found it on level 3 of the Tomb of the Ancients)
 92659 | Tomb:3   | Identified the ring "Ticerchei" {Ice Dex+5} (You found it on level 3 of the Tomb of the Ancients)
 92660 | Tomb:3   | Identified the ring "Inorphiq" {rC+++ Dex+6 Slay-4 Stlth+} (You found it on level 3 of the Tomb of the Ancients)
 92694 | Tomb:3   | Got a crude iron ring
 92698 | Tomb:3   | Identified the ring "Tiqiotex" {Ice *Contam rPois Str+4} (You found it on level 3 of the Tomb of the Ancients)
 92703 | Tomb:3   | Gained mutation: Your spells are a little harder to cast, but a little more powerful. [mutagenic glow]
 92729 | Tomb:3   | Got a ring of the Octopus King
 92730 | Tomb:3   | Identified a ring of the Octopus King {rC+ AC+1 EV+1 Str+1 Int+1 Dex+1} (You found it on level 3 of the Tomb of the Ancients)
 93065 | Tomb:3   | Noticed a greater mummy
 93070 | Tomb:3   | Noticed Khufu
 93084 | Tomb:3   | Killed Khufu
 93088 | Tomb:3   | Killed a greater mummy
 93117 | Tomb:3   | Noticed a greater mummy
 93124 | Tomb:3   | Killed a greater mummy
 93130 | Tomb:3   | Noticed a greater mummy
 93136 | Tomb:3   | Killed a greater mummy
 93372 | Tomb:3   | Noticed a greater mummy
 93378 | Tomb:3   | Killed a greater mummy
 93418 | Tomb:3   | Got a golden rune of Zot
 94246 | Depths:1 | Received a gift from Yredelemnul
 94317 | Depths:5 | Voluntarily entered the Abyss.
 95546 | Abyss:1  | Reached skill level 24 in Polearms
 96306 | Abyss:1  | Gained mutation: Your body sometimes deteriorates upon taking damage. [a neqoxec]
 96973 | Abyss:1  | Received a gift from Yredelemnul
 97417 | Abyss:1  | Received a gift from Yredelemnul
 97680 | Abyss:1  | Gained mutation: You tend to lose your temper in combat. [a neqoxec]
 98027 | Abyss:1  | Received a gift from Yredelemnul
 99536 | Abyss:1  | Gained mutation: You are very frail (-20% HP). [a neqoxec]
 99537 | Abyss:1  | Gained mutation: You are dopey. (Int -2) [a neqoxec]
 99573 | Abyss:1  | Reached skill level 25 in Polearms
 99765 | Abyss:1  | Lost mutation: Your magical capacity is low (-10% MP). [potion of cure mutation]
 99765 | Abyss:1  | Lost mutation: You are dopey. (Int -2) [potion of cure mutation]
 99765 | Abyss:1  | Lost mutation: Your spells are a little harder to cast, but a little more powerful. [potion of cure mutation]
 99765 | Abyss:1  | Lost mutation: Your body sometimes deteriorates upon taking damage. [potion of cure mutation]
 99765 | Abyss:1  | Lost mutation: You are very frail (-20% HP). [potion of cure mutation]
 99793 | Abyss:1  | Found a corrupted altar of Lugonu.
 99893 | Abyss:1  | Paralysed by accursed screaming for 1 turns
100099 | Abyss:3  | Gained mutation: You expend magic power (3 MP) to strengthen your wands. [a neqoxec]
100143 | Abyss:4  | Found a corrupted altar of Lugonu.
100156 | Abyss:4  | Found a deep blue altar of Sif Muna.
100302 | Abyss:4  | Found a basalt altar of Yredelemnul.
100434 | Abyss:4  | Got an abyssal rune of Zot
100485 | Depths:5 | Escaped the Abyss
100568 | Zot:1    | Entered Level 1 of the Realm of Zot
100647 | Zot:1    | Noticed an orb of fire
100648 | Zot:1    | Gained mutation: Your body sometimes deteriorates upon taking damage. [an orb of fire]
100648 | Zot:1    | Gained mutation: You regenerate slowly when monsters are visible. [an orb of fire]
100669 | Zot:1    | Killed from afar by an orb of fire

Skill      XL: |  1  2  3  4  5  6  7  8  9 10 11 12 13 14 15 16 17 18 19 20 21 22 23 24 25 26 27 |
---------------+----------------------------------------------------------------------------------+-----
Dodging        | 3 4 5 6 7 8 9 10 11 12 13 14 15 16 17 19 | 19.2
Fighting       | 3 4 5 6 8 9 10 11 12 13 14 15 16 17 18 19 21 | 21.6
Polearms       | 4 5 7 9 11 13 14 15 16 17 18 19 20 21 22 25 | 25.1
Spellcasting   | 5 8 |  8.7
Conjurations   | 4 6 |  6.6
Invocations    | 4 7 8 9 10 11 12 13 14 15 16 17 18 20 | 20.5
Shields        | 6 7 8 10 12 13 14 15 16 17 18 19 20 | 20.8
Charms         | 3 6 8 10 11 12 13 14 15 | 15.7
Translocations | 4 7 9 10 | 10.0
Throwing       | |  1.7

Action                   |  1- 3 |  4- 6 |  7- 9 | 10-12 | 13-15 | 16-18 | 19-21 | 22-24 | 25-27 || total
-------------------------+-------+-------+-------+-------+-------+-------+-------+-------+-------++-------
Melee: Trident           |    79 |   153 |   512 |   542 |       |       |       |       |       ||  1286
       Tailslap          |    11 |    20 |    76 |   349 |   283 |   212 |   394 |   665 |  1057 ||  3067
       Spear             |       |       |       |  1531 |   624 |       |       |       |       ||  2155
       Bardiche          |       |       |       |       |   275 |       |       |       |       ||   275
       Demon trident     |       |       |       |       |   719 |  1267 |  1741 |  2500 |  2803 ||  9030
       Scythe            |       |       |       |       |       |       |       |       |  1203 ||  1203
Throw: Throwing net      |       |       |     8 |     5 |     4 |       |     1 |     1 |       ||    19
 Cast: Spectral Weapon   |       |       |       |       |       |     6 |       |       |    28 ||    34
       Regeneration      |       |       |       |       |       |     2 |       |       |    59 ||    61
       Blink             |       |       |       |       |       |       |       |    15 |    12 ||    27
       Conjure Flame     |       |       |       |       |       |       |       |       |     1 ||     1
Invok: Animate Remains   |       |       |       |    11 |       |       |       |       |       ||    11
       Animate Dead      |       |       |       |    40 |   103 |    52 |    83 |    53 |    28 ||   359
       Recall Undead Sla |       |       |       |     1 |    14 |    11 |     1 |     9 |    14 ||    50
       Injury Mirror     |       |       |       |     1 |     2 |     1 |     2 |       |       ||     6
       Enslave Soul      |       |       |       |       |     2 |     2 |     7 |     2 |       ||    13
       Drain Life        |       |       |       |       |       |       |     1 |       |       ||     1
Evoke: Wand              |       |       |       |       |     3 |    11 |       |     6 |     8 ||    28
  Use: Potion            |       |       |     6 |     6 |       |     4 |     8 |     3 |    22 ||    49
       Scroll            |       |       |     5 |    13 |    21 |    20 |     6 |     4 |    22 ||    91
 Stab: Sleeping          |     1 |     3 |     3 |     6 |     7 |    30 |    46 |    50 |    31 ||   177
       Held in net/web   |       |       |       |     2 |       |     1 |     1 |     2 |       ||     6
       Distracted        |       |       |       |    20 |    36 |    25 |    47 |    45 |   100 ||   273
       Confused          |       |       |       |       |     2 |     4 |     1 |       |       ||     7
       Paralysed         |       |       |       |       |       |     1 |     1 |       |     2 ||     4
  Eat: Chunk             |       |     5 |     6 |    35 |    40 |    10 |    13 |    14 |    11 ||   134
       Pizza             |       |     1 |       |       |     3 |     2 |       |     1 |     2 ||     9
       Bread ration      |       |       |     2 |     1 |     1 |     4 |     4 |     5 |    17 ||    34
       Fruit             |       |       |     1 |     2 |     1 |       |     2 |     1 |       ||     7
       Beef jerky        |       |       |       |     1 |       |     2 |       |       |       ||     3
       Meat ration       |       |       |       |       |     1 |     2 |     3 |     3 |     7 ||    16
       Royal jelly       |       |       |       |       |       |       |     1 |       |       ||     1
Armor: Skin              |    24 |    60 |   191 |   437 |   226 |   105 |   191 |   265 |   533 ||  2032
Dodge: Dodged            |    30 |   116 |   376 |  1297 |   838 |   333 |   633 |  1033 |  2270 ||  6926
Block: Large shield      |       |       |       |       |    11 |       |       |   252 |  2248 ||  2511
       Shield            |       |       |       |       |   288 |   433 |   781 |  1049 |       ||  2551
       Other             |       |       |       |       |     7 |       |       |       |       ||     7
       Reflection        |       |       |       |       |    16 |     2 |       |       |       ||    18
